Map: Orbital Shipyard

Players

MorN - Winner!

  • Race: Terran Terran
  • League: Master

Apocalypse

  • Race: Protoss Protoss
  • League: Master

VOD

Have the link to the VOD?

Description

Time

  • Played on: Dec. 6, 2015, 6:20 p.m.
  • Length: 10:35
Show
View Real Time Build Order
Export as new Build Order

MorN Terran - Winner!

Build Orders: Reaper Expand 

Get SALT Encoding   

  12  0:00  SCV  
  13  0:12  SCV  
  14  0:17  Supply Depot  
  14  0:25  SCV  
  15  0:39  SCV, Barracks  
  16  0:43  Refinery  
  16  0:51  SCV  
  17  1:03  SCV  
  18  1:15  SCV  
  19  1:28  Reaper, Orbital Command  
  20  1:40  Command Center  
  20  1:51  Supply Depot  
  20  1:55  SCV  
  21  2:07  Barracks Reactor  
  21  2:08  SCV  
  22  2:10  Barracks  
  22  2:16  Barracks  
  22  2:21  SCV  
  23  2:41  SCV  
  24  2:44  Marine x2  
  26  2:51  Factory, Refinery  
  26  2:53  Orbital Command  
  26  2:55  SCV  
  27  3:15  Barracks Tech Lab, Marine x3  
  29  3:20  SCV  
  29  3:21  SCV  
  31  3:32  SCV  
  31  3:33  SCV, Marine  
  31  3:34  Stimpack, Marine x2  
  34  3:37  Supply Depot  
  34  3:39  Starport  
  36  3:44  SCV  
  36  3:45  Factory Reactor  
  37  3:48  SCV  
  37  3:51  Marine x2  
  37  3:52  Marine  
  41  3:56  SCV  
  41  3:57  Supply Depot  
  41  3:59  Marine  
  41  4:00  SCV  
  44  4:08  SCV  
  44  4:09  Marine  
  46  4:10  Marine  
  46  4:12  SCV  
  48  4:20  SCV  
  48  4:23  Marauder  
  51  4:25  SCV, Marine  
  51  4:26  Medivac  
  51  4:27  Medivac, Marine  
  51  4:28  Marine  
  59  4:32  SCV  
  59  4:33  Supply Depot  
  59  4:37  SCV, Factory Reactor  
  61  4:42  Refinery  
  61  4:44  SCV, Barracks Tech Lab  
  62  4:54  SCV, Marine x3  
  62  4:55  Supply Depot  
  62  4:56  Supply Depot  
  62  4:57  SCV  
  67  5:07  Marine  
  67  5:08  Medivac  
  70  5:15  Supply Depot  
  70  5:16  SCV x2, Marine x2, Widow Mine x2  
  77  5:25  Marauder  
  75  5:29  Marine  
  75  5:31  Medivac  
  75  5:34  Marine x2  
  74  5:47  Marine, Marauder  
  74  5:52  Marine x2  
  68  6:05  Marine  
  68  6:08  Marauder  
  68  6:09  Marine x2  
  60  6:23  Marine  
  60  6:27  Marine  
  60  6:28  Medivac x2, Marauder  
  60  6:29  Barracks, Marauder  
  60  6:30  Command Center, Barracks  
  68  6:41  Marine  
  68  6:45  Marine  
  70  6:49  Marine  
  70  6:50  Marine  
  70  6:57  Widow Mine x2  
  70  6:58  Marine  
  74  7:02  SCV x2  
  74  7:03  Marine  
  74  7:06  Marine  
  78  7:09  Marauder  
  78  7:14  SCV  
  81  7:16  Marine  
  81  7:21  Marine  
  76  7:25  Marauder  
  76  7:26  Barracks Tech Lab  
  76  7:27  Barracks Reactor  
  78  7:30  Marauder  
  78  7:34  Marine  
  80  7:39  Marine  
  79  7:46  Marauder  
  79  7:47  Marine  
  79  7:51  Marine  
  82  7:52  Marine  
  82  7:56  Marine  
  85  8:00  SCV x2  
  85  8:05  Marauder  
  89  8:07  Marine  
  89  8:09  Marine x3  
  89  8:10  Marine  
  94  8:24  SCV, Marine  
  94  8:25  Marauder  
  94  8:26  Marauder, Marine  
  97  8:27  Marine x2  
  97  8:32  Marine  
  98  8:41  Marine  
  98  8:45  Marauder, Medivac, Marine x2  
  98  8:47  Marauder  
  98  8:48  Marauder  
  109  8:54  Marine  
  108  8:59  Marine  
  108  9:06  Marauder  
  108  9:09  Marine  
  106  9:10  Marine  
  106  9:12  Marauder  
  106  9:13  Marine  
  109  9:27  Orbital Command  
  109  9:32  Engineering Bay  
  109  9:34  Engineering Bay  
  109  9:37  Concussive Shells  
  109  9:40  Supply Depot  
  109  9:44  Supply Depot, Marine, SCV x2, Widow Mine  
  109  9:45  Marauder  
  116  9:48  Marine  
  117  9:57  Widow Mine, Marine x2  
  117  9:58  Marine x2  
  116  10:06  Marauder, Marine  
  102  10:13  Marine  
  101  10:14  Marine x2  
  101  10:15  Marine  
Show
View Real Time Build Order
Export as new Build Order

Apocalypse Protoss 

Build Orders: 1 Gate Expand 

Get SALT Encoding   

  12  0:01  Probe (Chrono Boost)  
  13  0:11  Probe (Chrono Boost)  
  14  0:17  Pylon  
  14  0:22  Probe (Chrono Boost)  
  16  0:35  Probe (Chrono Boost)  
  16  0:37  Gateway  
  16  0:42  Assimilator  
  16  0:46  Probe (Chrono Boost)  
  17  0:56  Probe (Chrono Boost)  
  18  1:07  Probe (Chrono Boost)  
  19  1:17  Probe (Chrono Boost)  
  20  1:23  Nexus  
  20  1:28  Probe (Chrono Boost)  
  21  1:36  Cybernetics Core  
  22  1:40  Probe (Chrono Boost)  
  22  1:47  Assimilator  
  22  1:50  Probe (Chrono Boost)  
  22  1:53  Pylon  
  23  2:13  Adept, Warp Gate  
  23  2:15  Mothership Core (Chrono Boost)  
  27  2:33  Probe (Chrono Boost)  
  27  2:36  Probe (Chrono Boost)  
  28  2:40  Adept  
  28  2:44  Probe (Chrono Boost)  
  31  2:47  Probe (Chrono Boost)  
  32  2:52  Forge  
  32  2:58  Probe x2 (Chrono Boost)  
  33  3:08  Probe x2 (Chrono Boost)  
  35  3:17  Adept, Protoss Ground Armor Level 1 (Chrono Boost)  
  35  3:18  Probe (Chrono Boost)  
  35  3:19  Probe (Chrono Boost)  
  39  3:22  Robotics Facility  
  39  3:29  Probe x2  
  39  3:34  Pylon  
  41  3:39  Probe  
  42  3:42  Probe  
  43  3:50  Probe  
  43  3:54  Probe  
  45  3:56  Gateway  
  45  3:58  Gateway  
  45  4:01  Probe  
  46  4:06  Probe  
  46  4:09  Warp Prism (Chrono Boost)  
  49  4:13  Probe  
  50  4:17  Adept  
  50  4:20  Probe  
  50  4:22  Twilight Council  
  53  4:24  Pylon  
  53  4:26  Assimilator  
  53  4:27  Probe  
  53  4:31  Assimilator  
  54  4:43  Observer (Chrono Boost)  
  54  4:44  Sentry  
  57  4:49  Probe x2, Protoss Ground Armor Level 2  
  59  4:56  Pylon  
  59  5:01  Probe x2  
  61  5:07  Pylon  
  61  5:13  Probe  
  62  5:14  Probe, Immortal (Chrono Boost)  
  67  5:25  Probe  
  67  5:26  Probe  
  69  5:31  Adept x3  
  75  5:37  Probe  
  75  5:38  Probe  
  67  5:52  Pylon x2  
  67  5:53  Mothership Core  
  65  6:03  Immortal (Chrono Boost)  
  55  6:12  Adept x2  
  57  6:22  Resonating Glaives  
  55  6:30  Pylon  
  55  6:36  Adept x2  
  59  6:41  Immortal (Chrono Boost), Probe x2  
  65  6:53  Probe x2  
  67  7:05  Probe  
  67  7:07  Pylon  
  68  7:09  Stalker x2, Nexus  
  68  7:11  Sentry, Pylon x2, Protoss Ground Armor Level 3  
  68  7:12  Pylon  
  68  7:15  Probe  
  75  7:18  Mothership Core  
  75  7:27  Probe  
  76  7:39  Probe x2  
  78  7:45  Stalker x3  
  76  7:56  Nexus  
  76  8:01  Immortal (Chrono Boost)  
  80  8:13  Pylon  
  80  8:15  Pylon  
  80  8:16  Adept x2  
  80  8:17  Adept  
  71  8:46  Pylon  
  67  8:52  Pylon  
  67  8:53  Adept  
  67  8:54  Pylon  
  69  8:59  Gateway  
  69  9:01  Gateway  
  68  9:06  Mothership Core  
  68  9:07  Probe  
  68  9:08  Probe  
  72  9:17  Probe, Adept x2  
  74  9:22  Probe  
  78  9:26  Immortal (Chrono Boost)  
  78  9:27  Probe  
  83  9:36  Probe  
  83  9:37  Probe  
  85  9:40  Sentry x2  
  85  9:41  Sentry  
  91  9:49  Probe  
  91  9:51  Probe x2  
  94  9:53  Assimilator  
  86  10:03  Probe  
  86  10:05  Adept x2  
  86  10:06  Adept x2  
  55  10:28  Adept  
  55  10:29  Adept x4  
Tags
 
Add a new tag
Caveats
  • Supply blocks, unpowered buildings, or Contaminate may cause inaccurate times.
  • Supply counts are checked every 10 seconds.